 Dungeon Crawl Stone Soup version 0.22.0 (webtiles) character file.

102062 snakesoul the Bludgeoner (level 16, -2/110 HPs)
             Began as a Gargoyle Fighter on Aug 11, 2018.
             Was the Champion of Okawaru.
             Slain by a wolf spider (3 damage)
             ... on level 3 of the Lair of Beasts.
             The game lasted 01:09:03 (28157 turns).

snakesoul the Bludgeoner (Gargoyle Fighter)        Turns: 28157, Time: 01:09:04

Health: -2/110     AC: 38    Str: 24    XL:     16   Next: 32%
Magic:  16/16      EV:  7    Int: 11    God:    Okawaru [******]
Gold:   1753       SH: 14    Dex: 13    Spells: 15/15 levels left

rFire    + . .     SeeInvis .   X - +3 morningstar (protect)
rCold    + . .     Gourm    .   c - +0 shield
rNeg     + . .     Faith    .   U - +2 plate armour of Suretieb {rC+}
rPois    ∞         Spirit   .   o - +2 hat
rElec    +         Reflect  .   T - +0 cloak {+Inv}
rCorr    .         Harm     .   S - +1 pair of gloves {Dex+3}
MR       +....                  C - +0 pair of boots
Stlth    ..........             K - amulet of regeneration
HPRegen  0.68/turn              D - ring of wizardry
MPRegen  0.15/turn              x - ring of protection from fire

@: about to teleport
A: big wings, negative energy resistance 1, electricity resistance, unbreathing,
petrification resistance, rot immunity, AC +12
a: Fly, Heroism, Finesse, Renounce Religion, Evoke Invisibility


You were on level 3 of the Lair of Beasts.
You worshipped Okawaru.
Okawaru was exalted by your worship.
You were hungry.

You visited 4 branches of the dungeon, and saw 24 of its levels.
You also visited: Labyrinth and Ice Cave.

You collected 2481 gold pieces.
You spent 728 gold pieces at shops.

Inventory:

Hand Weapons
 X - a +3 morningstar of protection (weapon)
Armour
 c - a +0 shield (worn)
 o - a +2 hat (worn)
 C - a +0 pair of boots (worn)
 Q - the +7 chain mail of Amorality {rN++ Str-5 Int+4}
   (Okawaru gifted it to you on level 11 of the Dungeon)

   It affects your strength (-5).
   It affects your intelligence (+4).
   It greatly protects you from negative energy.
 S - a +1 pair of gloves of dexterity (worn)
 T - a +0 cloak of invisibility (worn)
 U - the +2 plate armour of Suretieb (worn) {rC+}
   (You bought it in a shop on level 1 of the Orcish Mines)

   It protects you from cold.
Jewellery
 w - an uncursed ring of fire
 x - a ring of protection from fire (right hand)
 D - a ring of wizardry (left hand)
 K - an amulet of regeneration (around neck)
Wands
 b - a wand of scattershot (5)
 l - a wand of digging (15)
 m - a wand of polymorph (13)
 n - a wand of acid (6)
 A - a wand of flame (36)
 F - a wand of clouds (5)
Scrolls
 d - 7 scrolls of teleportation
 e - 3 scrolls of remove curse
 h - 4 scrolls of enchant weapon
 p - a scroll of fog
 q - a scroll of fear
 v - 2 scrolls of identify
 y - 3 scrolls of enchant armour
 B - 5 scrolls of magic mapping
 E - 2 scrolls of amnesia
Potions
 g - a potion of ambrosia
 i - 3 potions of invisibility
 j - 5 potions of brilliance
 k - a potion of resistance
 r - 2 potions of flight {unknown}
 s - 3 potions of lignification
 t - 2 potions of haste {unknown}
 u - 2 potions of berserk rage {unknown}
 z - a potion of heal wounds {unknown}
 I - 2 potions of agility {unknown}
 J - 2 potions of mutation {unknown}
 L - 4 potions of curing {unknown}
 P - 2 potions of magic
Comestibles
 f - 33 rations


   Skills:
 + Level 15.9 Fighting
 + Level 16.0 Maces & Flails
 + Level 14.3 Armour
 + Level 14.2 Shields


You had 15 spell levels left.
You didn't know any spells.
Your spell library contained the following spells:

 Spells                   Type           Power        Failure   Level  Hunger
 Apportation              Tloc           #.....       75%         1    ##.....
 Confuse                  Hex            #.......     97%         3    ####...
 Throw Frost              Conj/Ice       #.....       86%         2    ###....
 Freezing Cloud           Conj/Ice/Air   #.........   100%        6    #######
 Mephitic Cloud           Conj/Pois/Air  #.......     97%         3    ####...
 Summon Small Mammal      Summ           #...         75%         1    ##.....
 Animate Dead             Necr           N/A          100%        4    #####..
 Pain                     Necr           #...         75%         1    ##.....
 Animate Skeleton         Necr           N/A          75%         1    ##.....
 Vampiric Draining        Necr           #.........   97%         3    ####...
 Summon Ice Beast         Ice/Summ       #.......     100%        4    #####..
 Call Imp                 Summ           #.......     86%         2    ###....
 Regeneration             Chrm/Necr      #.........   97%         3    ####...
 Sting                    Conj/Pois      #...         75%         1    ##.....
 Spider Form              Tmut/Pois      #.........   97%         3    ####...
 Blade Hands              Tmut           #.........   100%        5    ######.
 Statue Form              Tmut/Erth      #........    100%        6    #######
 Ice Form                 Ice/Tmut       #.......     100%        4    #####..
 Dragon Form              Tmut           #.........   100%        7    #######
 Confusing Touch          Hex            #.....       75%         1    ##.....
 Sticks to Snakes         Tmut           #.......     86%         2    ###....
 Call Canine Familiar     Summ           #.......     97%         3    ####...
 Ensorcelled Hibernation  Hex/Ice        #.....       86%         2    ###....
 Metabolic Englaciation   Hex/Ice        #.........   100%        5    ######.
 Portal Projectile        Hex/Tloc       #.....       97%         3    ####...
 Petrify                  Tmut/Erth      #.......     100%        4    #####..
 Aura of Abjuration       Summ           #.........   100%        5    ######.
 Beastly Appendage        Tmut           #.....       75%         1    ##.....
 Summon Forest            Summ/Tloc      #.........   100%        5    ######.
 Summon Lightning Spire   Summ/Air       #.......     100%        4    #####..
 Summon Guardian Golem    Hex/Summ       #.......     97%         3    ####...
 Summon Mana Viper        Hex/Summ       #.......     100%        5    ######.
 Hydra Form               Tmut           #.........   100%        6    #######
 Irradiate                Conj/Tmut      #.........   100%        5    ######.
 Gell's Gravitas          Tloc           #.........   97%         3    ####...
 Yara's Violent Unravell  Hex/Tmut       #.........   100%        5    ######.


Dungeon Overview and Level Annotations

Branches:
Dungeon (15/15)            Temple (0/1) D:6            Lair (6/6) D:11
 Shoals (0/4) Lair:4       Spider (1/4) Lair:3        Slime (0/5) Lair:5
    Orc (2/2) D:9             Elf (0/3) Orc:2        Vaults (0/5) D:14
 Depths (0/5) D:15

Altars:
Ashenzari
Dithmenos
Elyvilon
Fedhas
Gozag
Makhleb
Nemelex Xobeh
Okawaru
Trog
Wu Jian
Xom
Beogh

Shops:
D:8 [   D:9 (   D:12 (   Orc:1 *   Orc:2 ::([


Innate Abilities, Weirdness & Mutations

You are resistant to torment.
Your stone body is resilient. (AC +12)
You are immune to poison.
Your large and strong wings let you fly indefinitely.
You resist negative energy. (rN+)
You are resistant to electric shocks. (rElec)
You can survive without breathing.
You are immune to petrification.
You are immune to rotting.


Message History

The redback bites you but does no damage.
The redback barely misses you. The wolf spider hits you.
* * * LOW HITPOINT WARNING * * *
The wolf spider closely misses you.
The wolf spider hits you but does no damage.
The wolf spider bites you but does no damage.
The redback bites you but does no damage.
The wolf spider hits you but does no damage.
The wolf spider bites you but does no damage.
The redback bites you but does no damage.
The wolf spider barely misses you. You block the wolf spider's attack.
As you read the scroll of fear, it crumbles to dust.
You assume a fearsome visage.
The wolf spider looks frightened!
The redback looks frightened!
The wolf spider looks frightened!
You block the redback's attack. The wolf spider hits you!
* * * LOW HITPOINT WARNING * * *
You block the wolf spider's attack. The redback completely misses you.
The wolf spider hits you but does no damage.
The wolf spider bites you.
You die...

#.P####.).## #.##.#.#....##..#
#..#.###...# ##..>..........###
#.....##...####.#...#..#......#P
##..#.......#≈#..≈P.##....#......
...#.#.......≈≈≈.≈≈≈.#..###......
..##...##P..≈s≈≈.≈≈.≈..#.##....P#
##.#..####..≈≈.≈.≈.≈≈.#.###....##
.......# ###≈≈≈.s.≈≈≈.###.......#
#.....## #...s.@....## ##......#
.......####.≈≈≈s..≈≈≈.#####......
###......#.#≈≈.≈.≈s≈≈..##.|.....#
#........#≈.≈≈.≈≈.≈......#.....
##......#≈.≈≈≈.≈≈≈.###..#......
#.....###..≈.....## #..##.....
#####.....###........# #.........
.........###.......######...#....
#.#####........#...###.#.#....###


You could see 3 wolf spiders and 2 redbacks.

Vanquished Creatures
  Frances (D:13)
  A fire giant (D:13)
  2 frost giants (D:13)
  A minotaur (Lab)
  A yaktaur captain (D:13)
  6 hydras
  2 ogre magi (D:15)
  A catoblepas (Lair:4)
  4 centaur warriors
  9 two-headed ogres
  3 tengu warriors (D:15)
  5 orc high priests
  Nergalle (D:11)
  3 unseen horrors (D:15)
  3 wizards
  A flayed ghost (D:13)
  A harpy (shapeshifter) (D:13)
  10 orc knights
  9 orc sorcerers
  2 deep elf magi (D:15)
  A moth of wrath (Spider:1)
  7 cyclopes
  13 ugly things
  2 merfolk sirens (Lair:4)
  4 centaur zombies
  3 black mambas
  24 spiny frogs
  A gargoyle (D:15)
  6 komodo dragons
  11 rime drakes
  3 freezing wraiths
  A yaktaur (D:13)
  3 tengu conjurers
  A polar bear (Lair:6)
  7 trolls
  2 jumping spiders (Lair:3)
  A queen bee (D:10)
  5 tyrant leeches (Lair:6)
  20 blink frogs
  3 hornets (D:14)
  15 hippogriffs
  Sigmund (D:3)
  2 redbacks
  23 yaks
  A shadow (D:14)
  A vampire (D:15)
  4 wraiths
  5 basilisks
  4 water elementals (D:11)
  8 wyverns
  2 hungry ghosts
  2 wargs
  16 vampire mosquitoes
  An acid dragon (D:15)
  A soldier ant (D:13)
  15 water moccasins
  5 porcupines
  8 ice beasts
  A sky beast (D:14)
  24 orc warriors
  16 ogres
  An eye of draining (D:15)
  2 necrophages
  A phantom (D:9)
  2 black bears
  3 boggarts (D:15)
  The ghost of Gergoth the Ruffian, an amateur DrTm (D:3)
  22 wolves
  11 centaurs
  14 crocodiles
  3 big kobolds
  31 bullfrogs
  2 wyvern zombies
  A wyvern skeleton (D:9)
  9 jellies
  8 scorpions
  13 killer bees
  11 wights
  7 howler monkeys
  2 electric eels
  8 crimson imps
  A bullfrog zombie (D:11)
  2 quasits
  3 bullfrog skeletons
  23 orc wizards
  24 orc priests
  5 centaur skeletons
  10 hounds
  Jessica (D:3)
  An iguana (D:12)
  8 worker ants
  A hound zombie (D:5)
  3 hound skeletons
  7 gnolls
  12 adders
  2 shadow imps
  An adder zombie (D:8)
  3 oozes
  5 worms
  4 adder skeletons
  A dart slug (D:2)
  7 leopard geckos
  94 orcs
  4 ball pythons
  8 bats
  3 giant cockroaches
  10 goblins
  10 hobgoblins
  5 jackals
  5 quokkas
  9 frilled lizards
  A giant cockroach zombie (D:6)
  23 kobolds
  10 rats
797 creatures vanquished.

Vanquished Creatures (others)
  A vampire mosquito (D:15)
  An iguana (D:13)
  11 fungi
  40 plants
53 creatures vanquished.

Grand Total: 850 creatures vanquished

Notes
Turn   | Place    | Note
-------+----------+-------------------------------------------
     0 | D:1      | snakesoul the Gargoyle Fighter began the quest for the Orb.
     0 | D:1      | Reached XP level 1. HP: 14/14 MP: 1/1
   234 | D:1      | Reached XP level 2. HP: 14/19 MP: 2/2
   658 | D:1      | Reached skill level 3 in Maces & Flails
   671 | D:1      | Reached XP level 3. HP: 24/24 MP: 3/3
  1414 | D:2      | Found a blossoming altar of Fedhas.
  1770 | D:2      | Reached XP level 4. HP: 25/29 MP: 4/4
  1978 | D:2      | Found a white marble altar of Elyvilon.
  2436 | D:3      | Reached skill level 4 in Maces & Flails
  2516 | D:3      | Noticed Sigmund
  2521 | D:3      | Found an iron altar of Okawaru.
  2533 | D:3      | Killed Sigmund
  2533 | D:3      | Reached skill level 5 in Fighting
  2533 | D:3      | Reached skill level 5 in Maces & Flails
  2533 | D:3      | Reached XP level 5. HP: 22/35 MP: 5/5
  2533 | D:3      | Reached XP level 6. HP: 26/40 MP: 6/6
  2559 | D:3      | Became a worshipper of Warmaster Okawaru
  2751 | D:3      | Found a runed door.
  2751 | D:3      | Noticed Gergoth's ghost (amateur DrTm)
  2781 | D:3      | Killed Gergoth's ghost
  2806 | D:3      | Noticed Jessica
  2817 | D:3      | Killed Jessica
  2914 | D:3      | Found a bloodstained altar of Trog.
  2914 | D:3      | Found a shimmering altar of Xom.
  3061 | D:4      | Reached skill level 6 in Maces & Flails
  3061 | D:4      | Reached XP level 7. HP: 16/44 MP: 7/7
  3549 | D:4      | Reached * piety under Okawaru
  3677 | D:4      | Found an opulent altar of Gozag.
  3862 | D:4      | Reached skill level 7 in Maces & Flails
  4134 | D:4      | Found a burning altar of Makhleb.
  4462 | D:5      | Entered Level 5 of the Dungeon
  4671 | D:5      | Reached XP level 8. HP: 52/52 MP: 8/8
  5328 | D:5      | Reached skill level 8 in Maces & Flails
  6245 | D:6      | Reached ** piety under Okawaru
  6449 | D:6      | Found a staircase to the Ecumenical Temple.
  6571 | D:6      | Found a shadowy altar of Dithmenos.
  6620 | D:6      | Reached skill level 9 in Maces & Flails
  6795 | D:6      | Reached XP level 9. HP: 46/59 MP: 9/9
  7505 | D:7      | Identified the Almanac of Intoxication and the Glacier
  7511 | D:7      | Reached skill level 10 in Maces & Flails
  7565 | D:7      | Got a polished leather armour
  7566 | D:7      | Identified the +3 leather armour of Nihilism {Str+3 Stlth+} (You found it on level 7 of the Dungeon)
  7685 | D:7      | Found an ornate altar of the Wu Jian Council.
  7973 | D:7      | Reached *** piety under Okawaru
  8255 | D:8      | Found a shattered altar of Ashenzari.
  8465 | D:8      | Found Akobe's Armour Boutique.
  8732 | D:8      | Noticed a two-headed ogre
  8959 | D:9      | Got a transparent leather armour
  8970 | D:9      | Identified the +2 leather armour "Regoreeh" {rN+} (You found it on level 9 of the Dungeon)
  9150 | D:9      | Reached XP level 10. HP: 66/66 MP: 10/10
  9471 | D:9      | Reached skill level 11 in Maces & Flails
  9484 | D:9      | Identified the Papyrus of Creative Dislocation
  9630 | D:9      | Found a staircase to the Orcish Mines.
  9694 | D:9      | Found Teulangi's Weapon Boutique.
  9926 | D:10     | Entered Level 10 of the Dungeon
  9970 | D:10     | Reached skill level 5 in Armour
 10037 | D:10     | Reached **** piety under Okawaru
 10037 | D:10     | Reached skill level 5 in Shields
 10768 | D:10     | Reached skill level 10 in Fighting
 11732 | D:11     | Reached XP level 11. HP: 73/73 MP: 11/11
 12101 | D:11     | Reached ***** piety under Okawaru
 12198 | D:11     | Found a staircase to the Lair.
 12329 | D:11     | Noticed a two-headed ogre
 12340 | D:11     | Killed a two-headed ogre
 12482 | D:11     | Noticed Nergalle
 12494 | D:11     | Noticed a spectral orc warlord
 12508 | D:11     | Killed Nergalle
 12508 | D:11     | Received a gift from Okawaru
 12508 | D:11     | Reached skill level 12 in Maces & Flails
 12509 | D:11     | Got a translucent chain mail {god gift}
 12520 | D:11     | Identified the +7 chain mail of Amorality {rN++ Str-5 Int+4} (Okawaru gifted it to you on level 11 of the Dungeon)
 12700 | Lair:1   | Entered Level 1 of the Lair of Beasts
 14248 | Lair:2   | Reached XP level 12. HP: 55/80 MP: 12/12
 15265 | Lair:3   | Received a gift from Okawaru
 15445 | Lair:3   | Found a hole to the Spider Nest.
 16373 | Lair:4   | Reached skill level 13 in Maces & Flails
 16590 | Lair:4   | Found a labyrinth entrance.
 16615 | Lab      | Entered a labyrinth
 16811 | Lab      | Noticed a minotaur
 16833 | Lab      | Killed a minotaur
 16837 | Lab      | Got a distressingly furry ring mail
 16838 | Lab      | Identified the cursed +0 ring mail of Filth {+Blink} (You found it in a labyrinth)
 16956 | Lair:4   | Reached skill level 10 in Armour
 17001 | Lair:4   | Found a staircase to the Shoals.
 17046 | Lair:4   | Noticed a catoblepas
 17071 | Lair:4   | Killed a catoblepas
 17071 | Lair:4   | Reached skill level 10 in Shields
 17071 | Lair:4   | Reached XP level 13. HP: 81/87 MP: 13/13
 17267 | Lair:4   | Received a gift from Okawaru
 17698 | Lair:5   | Reached ****** piety under Okawaru
 17894 | Lair:5   | Found a staircase to the Slime Pits.
 18831 | Lair:6   | Entered Level 6 of the Lair of Beasts
 18927 | Lair:6   | Received a gift from Okawaru
 19039 | Lair:5   | HP: 3/88 [spiny frog (3)]
 19185 | Lair:6   | Reached skill level 14 in Maces & Flails
 19620 | Lair:6   | Gained mutation: Your large and strong wings let you fly indefinitely. [Gargoyle growth]
 19620 | Lair:6   | Reached XP level 14. HP: 93/94 MP: 14/14
 19860 | Lair:6   | Received a gift from Okawaru
 20301 | Lair:6   | Got a fine crystal amulet
 20313 | Lair:6   | Identified the amulet of Muash {*Slow rC+ Regen+ SInv} (You found it on level 6 of the Lair of Beasts)
 20741 | Orc:1    | Entered Level 1 of the Orcish Mines
 21358 | Orc:1    | Found a frozen archway.
 21365 | IceCv    | Entered an ice cave
 21393 | IceCv    | Found a transporter.
 21421 | IceCv    | Found a transporter.
 21806 | Orc:1    | Found Pihochu's Assorted Antiques.
 21814 | Orc:1    | Bought a slimy plate armour for 728 gold pieces
 21814 | Orc:1    | Identified the +2 plate armour of Suretieb {rC+} (You bought it in a shop on level 1 of the Orcish Mines)
 22228 | Orc:1    | Received a gift from Okawaru
 22239 | Orc:1    | Found a roughly hewn altar of Beogh.
 22438 | Orc:2    | Entered Level 2 of the Orcish Mines
 22764 | Orc:2    | Found a burning altar of Makhleb.
 22784 | Orc:2    | Found a staircase to the Elven Halls.
 23446 | Orc:2    | Paralysed by an orc sorcerer for 3 turns
 23845 | Orc:2    | Found Zucrit's Book Boutique.
 23845 | Orc:2    | Found Osmenar's Antique Armour Emporium.
 23847 | Orc:2    | Found Kuihygos's Antique Weapon Emporium.
 23847 | Orc:2    | Found Qodgh's Book Boutique.
 24072 | D:12     | Found Ittesaoq's Weapon Shop.
 24100 | D:12     | Reached XP level 15. HP: 101/101 MP: 13/15
 24220 | D:12     | Reached skill level 15 in Maces & Flails
 24793 | D:13     | Found a shadowy altar of Dithmenos.
 25291 | D:13     | Noticed a frost giant
 25293 | D:13     | Noticed a fire giant
 25354 | D:13     | Received a gift from Okawaru
 25364 | D:13     | Killed a frost giant
 25364 | D:13     | Reached skill level 15 in Fighting
 25370 | D:13     | Killed a fire giant
 25371 | D:13     | Noticed a frost giant
 25540 | D:13     | Noticed Frances
 25559 | D:13     | Killed a frost giant
 25590 | D:13     | Killed Frances
 25595 | D:13     | Found the +8 glaive of the Guard {elec, +Rage AC+5 SInv}
 26707 | D:14     | Found a gate to the Vaults.
 26733 | D:15     | Entered Level 15 of the Dungeon
 27030 | D:15     | Reached XP level 16. HP: 86/108 MP: 16/16
 27170 | D:15     | Received a gift from Okawaru
 27177 | D:15     | Found a sparkling altar of Nemelex Xobeh.
 27619 | D:15     | Received a gift from Okawaru
 27678 | D:15     | Found a staircase to the Depths.
 27828 | D:15     | Reached skill level 16 in Maces & Flails
 28139 | Spider:1 | Entered Level 1 of the Spider Nest
 28157 | Lair:3   | HP: 1/110 [wolf spider (13)]
 28157 | Lair:3   | Slain by a wolf spider

Skill      XL: |  1  2  3  4  5  6  7  8  9 10 11 12 13 14 15 16 |
---------------+-------------------------------------------------+-----
Maces & Flails | 3 5 6 7 9 10 11 12 13 14 15 16 | 16.0
Fighting       | 4 5 6 7 9 10 11 12 13 14 15 | 15.9
Armour         | 4 6 8 10 11 12 13 14 | 14.3
Shields        | 4 6 8 10 11 12 13 14 | 14.2

Action                   |  1- 3 |  4- 6 |  7- 9 | 10-12 | 13-15 | 16-18 || total
-------------------------+-------+-------+-------+-------+-------+-------++-------
Melee: Flail             |   170 |   208 |   516 |   883 |       |       ||  1777
       Morningstar       |       |       |       |   199 |  2012 |   215 ||  2426
Invok: Heroism           |       |       |     2 |     3 |     2 |       ||     7
       Finesse           |       |       |       |     3 |     6 |     1 ||    10
 Abil: Fly               |       |       |       |       |     2 |       ||     2
       Stop Flying       |       |       |       |       |     2 |       ||     2
  Use: Potion            |       |     1 |       |     2 |     8 |       ||    11
       Scroll            |       |       |     3 |     3 |    28 |     3 ||    37
 Stab: Sleeping          |       |       |     6 |     4 |       |       ||    10
  Eat: Chunk             |     3 |     5 |    20 |    25 |    33 |     2 ||    88
       Ration            |       |       |       |     1 |     1 |       ||     2
Armor: Scale mail        |   102 |   122 |   234 |   327 |   617 |       ||  1402
       Leather armour    |       |       |    69 |   162 |       |       ||   231
       Plate armour      |       |       |       |       |   590 |   193 ||   783
Dodge: Dodged            |    53 |    53 |   129 |   300 |   544 |    55 ||  1134
Block: Shield            |    89 |   114 |   206 |   527 |  1253 |   160 ||  2349
